 Dungeon Crawl Stone Soup version 0.20.2-3-g29329e0561 (webtiles) character file.

951 Alfie the Cutter (level 8, -1/69 HPs)
             Began as a Hill Orc Fighter on Oct 24, 2023.
             Succumbed to a gnoll's poison
             ... on level 5 of the Dungeon.
             The game lasted 00:09:31 (3434 turns).

Alfie the Cutter (Hill Orc Fighter)                 Turns: 3434, Time: 00:09:31

Health: -1/69      AC:  8    Str: 21    XL:     8   Next: 13%
Magic:  8/8        EV:  8    Int:  8    God:
Gold:   263        SH: 10    Dex: 10    Spells: 7/7 levels left

rFire    . . .     SeeInvis .   a - +0 rapier
rCold    . . .     Gourm    .   c - +0 shield
rNeg     . . .     Faith    .   b - +0 scale mail
rPois    .         Spirit   .   y - +0 helmet
rElec    .         Reflect  .   (no cloak)
rCorr    .         Harm     .   (no gloves)
MR       .....                  (no boots)
Stlth    ..........             (no amulet)
Regen    0.3/turn               (no ring)
MPRegen  0.2/turn               (no ring)

@: lethally poisoned (-1 -> -15)
A: no striking features
a: no special abilities


You were on level 5 of the Dungeon.
You were not hungry.

You visited 1 branch of the dungeon, and saw 5 of its levels.

You collected 263 gold pieces.

Inventory:

Hand Weapons
 a - a +0 rapier (weapon)
Missiles
 l - 5 tomahawks (quivered)
Armour
 b - a +0 scale mail (worn)
 c - a +0 shield (worn)
 y - a +0 helmet (worn)
Jewellery
 r - an uncursed ring of protection from cold
 v - an uncursed ring of protection from fire
 A - an uncursed ring of positive energy {unknown}
 B - an uncursed ring of resist corrosion {unknown}
Wands
 d - a wand of flame (20/48)
 k - a wand of polymorph (6/24)
 w - a wand of confusion (29/48)
 z - a wand of flame (12/48)
 D - a wand of acid (8/15)
 F - a wand of scattershot (5/9)
Scrolls
 j - a scroll of enchant armour {unknown}
 m - a scroll of random uselessness {unknown}
 n - 2 scrolls of immolation {unknown}
 p - 3 scrolls of teleportation
 q - a scroll of amnesia {unknown}
 u - 2 scrolls of fear
 x - a scroll of blinking {unknown}
 E - a scroll of fog {unknown}
Potions
 e - a potion of flight {unknown}
 i - 2 potions of lignification {unknown}
 o - a potion of agility {unknown}
 s - a potion of cancellation {unknown}
 t - a potion of berserk rage {unknown}
 C - 2 potions of curing
Comestibles
 f - 3 bread rations
 g - 5 meat rations


   Skills:
 + Level 5.4 Fighting
 + Level 5.9 Short Blades
 + Level 1.0 Throwing
 + Level 5.4 Armour
 + Level 1.2 Dodging
 + Level 0.8 Stealth
 + Level 5.4 Shields


You had 7 spell levels left.
You didn't know any spells.

Dungeon Overview and Level Annotations

Branches:
Dungeon (5/15)
 Temple: D:4-7

Altars:


Message History

You feel sick. The gnoll barely misses you.
You closely miss the gnoll.
The gnoll is heavily wounded.
You block the gnoll's attack.
You hit the gnoll.
The gnoll is almost dead.
You feel sick.
The gnoll hits you with a halberd of venom!
* * * LOW HITPOINT WARNING * * *
You are lethally poisoned!
You barely miss the gnoll.
The gnoll is almost dead.
* * * LOW HITPOINT WARNING * * *
You feel sick.
The gnoll hits you with a halberd of venom.
* * * LOW HITPOINT WARNING * * *
You closely miss the gnoll.
The gnoll is almost dead.
You feel a little less mighty now.
You die...

#...........##.#.#.# #.
#.......#'#....#.#.# #.
#.....†.#.######.#.#############.
#.......+>.......................
##......#........................
#<#+#.....######.########........
#.# #.###.# #.# #........ #.# #.#
#.# #.# #........ ..# #.. # #@#
#........ ### ### ##
#g########........ #..
#.......########## #...#.......#
+...'.......# #...##......# ####
#†.....# #.....[# #......#


You could see a gnoll.

Vanquished Creatures
  Grinder (D:5)
  Sigmund (D:5)
  Duvessa (D:5)
  Blork the orc (D:5)
  Dowan (D:5)
  A scorpion (D:5)
  2 crimson imps (D:3)
  A bullfrog skeleton (D:4)
  An orc wizard (D:4)
  A hound skeleton (D:4)
  4 gnolls
  6 adders
  A shadow imp (D:5)
  An ooze (D:4)
  A worm (D:3)
  4 leopard geckos
  7 orcs
  2 giant cockroaches
  5 goblins
  6 hobgoblins
  7 jackals
  6 quokkas
  2 ball pythons
  8 bats
  2 frilled lizards (D:1)
  6 kobolds
  11 rats
90 creatures vanquished.

Notes
Turn   | Place    | Note
-------+----------+-------------------------------------------
     0 | D:1      | Alfie the Hill Orc Fighter began the quest for the Orb.
     0 | D:1      | Reached XP level 1. HP: 19/19 MP: 1/1
   131 | D:1      | Reached XP level 2. HP: 27/27 MP: 2/2
   294 | D:1      | Reached XP level 3. HP: 33/33 MP: 3/3
  1083 | D:2      | Reached XP level 4. HP: 35/40 MP: 4/4
  1267 | D:3      | Reached XP level 5. HP: 34/46 MP: 5/5
  2215 | D:4      | Reached XP level 6. HP: 45/53 MP: 6/6
  2922 | D:5      | Entered Level 5 of the Dungeon
  3015 | D:5      | Noticed Sigmund
  3041 | D:5      | Killed Sigmund
  3041 | D:5      | Reached XP level 7. HP: 10/60 MP: 7/7
  3272 | D:5      | Noticed Grinder
  3297 | D:5      | Killed Grinder
  3297 | D:5      | Reached skill level 5 in Fighting
  3297 | D:5      | Reached skill level 5 in Short Blades
  3297 | D:5      | Reached skill level 5 in Armour
  3297 | D:5      | Reached skill level 1 in Dodging
  3297 | D:5      | Reached skill level 5 in Shields
  3367 | D:5      | Noticed Duvessa
  3367 | D:5      | Noticed Dowan
  3384 | D:5      | Killed Duvessa
  3392 | D:5      | Killed Dowan
  3392 | D:5      | Reached skill level 1 in Throwing
  3392 | D:5      | Reached XP level 8. HP: 24/68 MP: 8/8
  3406 | D:5      | Noticed Blork the orc
  3427 | D:5      | Killed Blork the orc
  3433 | D:5      | HP: 1/69 [gnoll/halberd of venom (3)]
  3434 | D:5      | Succumbed to a gnoll's poison

Skill      XL: |  1  2  3  4  5  6  7 |
---------------+----------------------+-----
Armour         | 4 5 |  5.4
Short Blades   | 3 4 5 |  5.9
Shields        | 4 5 |  5.4
Fighting       | 4 5 |  5.4
Dodging        | 1 |  1.2
Throwing       | 1 |  1.0
Stealth        | |  0.8

Action                   |  1- 3 |  4- 6 |  7- 9 || total
-------------------------+-------+-------+-------++-------
Melee: Rapier            |   117 |   256 |    66 ||   439
Throw: Tomahawk          |     5 |     3 |     3 ||    11
  Use: Scroll            |       |     5 |     1 ||     6
       Potion            |       |     1 |     1 ||     2
  Eat: Royal jelly       |     1 |       |       ||     1
       Bread ration      |       |     1 |       ||     1
       Meat ration       |       |     1 |       ||     1
Armor: Scale mail        |    63 |    96 |     8 ||   167
Dodge: Dodged            |    42 |    56 |    17 ||   115
Block: Shield            |    73 |   114 |    26 ||   213
